 Dungeon Crawl Stone Soup version 0.29.1-15-g9cfb28693d (console) character file.

Game seed: 315374093786529767

1318 om the Thaumaturge (level 8, 0/52 HPs)
             Began as a Djinni Fire Elementalist on Mar 15, 2023.
             Slain by a gnoll sergeant
             ... wielding a +1 vorpal spear
              (1 damage)
             ... on level 5 of the Dungeon.
             The game lasted 00:12:21 (4501 turns).

om the Thaumaturge (Djinni Fire Elementalist)       Turns: 4501, Time: 00:12:22

Health: 0/52       AC:  5    Str:  7    XL:     8   Next: 90%
Gold:   304        EV: 12    Int: 19    God:
                   SH:  0    Dex: 14

rFire   + + .      SeeInvis .   s - +1 dagger (venom)
rCold   x . .      Faith    .   (no shield)
rNeg    . . .      Spirit   .   o - +0 troll leather armour {Pargi}
rPois   ∞          Reflect  .   (no helmet)
rElec   .          Harm     .   g - scarf {repulsion}
rCorr   .          Rampage  .   l - +0 pair of gloves
Will    .....                   (boots unavailable)
Stlth   ++........              (no amulet)
HPRegen 0.97/turn               (no ring)
MPRegen 0.00/turn               (no ring)

@: about to teleport, flying, repel missiles
A: sickness immunity, fire resistance 2, cold vulnerability 1, float, innate
caster, HP casting, extra vitality 1
a: no special abilities


You were on level 5 of the Dungeon.
You visited 1 branch of the dungeon, and saw 5 of its levels.
You also visited: Sewer.

You collected 304 gold pieces.

Inventory:

Hand Weapons
 s - a +1 dagger of venom (weapon)
Missiles
 c - a throwing net
Armour
 a - a +0 robe
 g - a scarf of repulsion (worn)
 l - a +0 pair of gloves (worn)
 o - a +0 troll leather armour (worn) {Pargi}
 q - the +5 robe of Compression {*Slow rF++ rN+ Int+2}
   (You found it on level 4 of the Dungeon)

   Int:       It affects your intelligence (+2).
   rF:        It greatly protects you from fire.
   rN:        It protects you from negative energy.
   *Slow:     It may slow you when you take damage.
Scrolls
 d - a scroll of teleportation
 f - 3 scrolls of identify {unknown}
 j - a scroll of enchant armour {unknown}
 k - 2 scrolls of magic mapping {unknown}
 m - a scroll of poison {unknown}
Potions
 b - 3 potions of attraction {unknown}
 h - 3 potions of haste {unknown}
 i - 2 potions of might {unknown}
 n - 2 potions of heal wounds {unknown}
 p - a potion of brilliance {unknown}
 r - a potion of curing {unknown}


   Skills:
 + Level 1.1 Fighting
 - Level 3.0 Dodging
 - Level 2.0 Stealth
 - Level 8.0 Spellcasting


You had 5 spell levels left.
You knew the following spells:

 Your Spells              Type           Power      Damage    Failure   Level
a - Foxfire               Conj/Fire      100%       2x1d9     1%          1
b - Scorch                Fire           76%        2d9       1%          2
c - Conjure Flame         Conj/Fire      38%        6-21      1%          3
d - Inner Flame           Hex/Fire       38%        N/A       1%          3
e - Flame Wave            Conj/Fire      38%        2d10      4%          4
f - Apportation           Tloc           76%        N/A       1%          1
g - Ensorcelled Hibernat  Hex/Ice        76%        N/A       1%          2
h - Searing Ray           Conj           76%        2d7       1%          2
Your spell library was empty.

Dungeon Overview and Level Annotations

Branches:
Dungeon (5/15)             Temple (0/1) D:5           Sewer (visited)

Altars:
Trog
Zin
Lugonu

Portals:
Abyss: D:1

Annotations:
D:1 2 runed translucent doors


Innate Abilities, Weirdness & Mutations

You are immune to sickness and miasma.
You are immune to poison.
Your flesh is very heat resistant. (rF++)
You are vulnerable to cold. (rC-)
You float through the air rather than walking.
You learn spells naturally, not from books.
Your magical power is your life essence.
You have superior vitality. (+4 MHP)


Message History

The flame wave engulfs the gnoll!!
You kill the gnoll!
The flame wave engulfs the black bear!
The black bear is heavily wounded.
A wave of flame ripples out!
The flame wave engulfs the black bear!
You kill the black bear!
The flame wave engulfs the gnoll sergeant!
The gnoll sergeant is moderately wounded.
You finish channelling waves of flame.
The gnoll sergeant hits you from afar with a +1 vorpal spear!
Training target 8.0 for Spellcasting reached!
Your Spellcasting skill increases to level 8!
You need to enable at least one skill for training.
Casting: Flame Wave (dangerous; 4% risk of failure)
Confirm with . or Enter, or press ? or * to list all spells.
Okay, then.
Casting: Flame Wave (dangerous; 4% risk of failure)
Confirm with . or Enter, or press ? or * to list all spells.
Flames lash the gnoll.
You kill the gnoll!
The gnoll sergeant hits you from afar with a +1 vorpal spear.
Your Fighting skill increases to level 1!
Casting: Scorch (safe; 1% risk of failure)
Confirm with . or Enter, or press ? or * to list all spells.
Flames lash the gnoll sergeant but do no damage.
The gnoll sergeant misses you.
Casting: Scorch (safe; 1% risk of failure)
Confirm with . or Enter, or press ? or * to list all spells.
Flames lash the gnoll.
The gnoll is heavily wounded.
The gnoll's fire resistance burns away.
The gnoll sergeant hits you from afar with a +1 vorpal spear!
* * * LOW HITPOINT WARNING * * *
x2 Unknown command.
Okay, then.
As you read the scroll labelled YCLUYCH LOUPODI, it crumbles to dust.
You feel strangely unstable.
It was a scroll of teleportation.
The gnoll sergeant hits you from afar with a +1 vorpal spear!
* * * LOW HITPOINT WARNING * * *
You die...

........#####..#
##.............##
#####..........#.
#####........
##...####. .
###.....# ..
##...###.# ...
###..###
#.######..
##...## #........
###..###
#.#.#)#.#.#.
#...##
#...@gg)....
..###
#.#..)....#. #..#
#........... ...#
#.#...>...#. #.##
#........... ###
#.#.......#.
#...........
#.#.#.#.#.#.


You could see a gnoll sergeant and a gnoll (combustible).

Vanquished Creatures
  2 water moccasins
  Pargi (Sewer)
  2 ice beasts (D:4)
  A black bear (D:5)
  A phantom (D:5)
  3 scorpions (D:5)
  A howler monkey (D:4)
  2 hounds (D:5)
  3 orc priests (D:5)
  2 iguanas
  4 orc wizards (D:5)
  4 gnolls (D:5)
  4 adders
  2 worms
  5 dart slugs
  6 orcs
  5 bats
  7 endoplasms
  5 giant cockroaches
  9 goblins
  6 hobgoblins
  3 jackals (D:4)
  2 quokkas
  9 ball pythons
  10 frilled lizards
  4 kobolds
  3 rats
106 creatures vanquished.

Vanquished Creatures (others)
  225 foxfires
225 creatures vanquished.

Grand Total: 331 creatures vanquished

Notes
Turn   | Place    | Note
-------+----------+-------------------------------------------
     0 | D:1      | om the Djinni Fire Elementalist began the quest for the
                  | Orb.
     0 | D:1      | om set off with the following spells memorised: Foxfire,
                  | Scorch, Conjure Flame, Inner Flame, Flame Wave.
     0 | D:1      | Reached XP level 1. HP: 15/15 MP: 0/0
    92 | D:1      | Found a large runed translucent door.
    92 | D:1      | Found a large runed translucent door.
    96 | D:1      | Reached XP level 2. HP: 16/21 MP: 0/0
   172 | D:1      | Noticed a quasit
   173 | D:1      | Found a one-way gate to the infinite horrors of the Abyss.
   173 | D:1      | Found a corrupted altar of Lugonu.
   174 | D:1      | Noticed a crimson imp
   176 | D:1      | Noticed a crimson imp
   606 | D:1      | Reached skill level 3 in Spellcasting
   707 | D:1      | Reached XP level 3. HP: 24/25 MP: 0/0
   707 | D:1      | Learned a level 1 spell: Apportation
  1271 | D:2      | Found a faded altar of an unknown god.
  1896 | D:3      | Reached XP level 4. HP: 27/31 MP: 0/0
  2350 | D:3      | Found a bloodstained altar of Trog.
  2861 | D:4      | Noticed an ice beast
  2866 | D:4      | Killed an ice beast
  2867 | D:4      | Reached skill level 4 in Spellcasting
  2867 | D:4      | Reached XP level 5. HP: 27/35 MP: 0/0
  2867 | D:4      | Learned a level 2 spell: Ensorcelled Hibernation
  3036 | D:4      | Noticed a water moccasin
  3049 | D:4      | Killed a water moccasin
  3050 | D:4      | Reached skill level 5 in Spellcasting
  3050 | D:4      | Reached XP level 6. HP: 29/40 MP: 0/0
  3363 | D:4      | Found a glowing drain.
  3375 | Sewer    | Entered a sewer
  3492 | Sewer    | Noticed Pargi
  3498 | Sewer    | Killed Pargi
  3499 | Sewer    | Reached XP level 7. HP: 41/45 MP: 0/0
  3499 | Sewer    | Learned a level 2 spell: Searing Ray
  3587 | D:4      | Identified the +5 robe of Compression {*Slow rF++ rN+
                  | Int+2}
  3705 | D:4      | Reached skill level 6 in Spellcasting
  3952 | D:5      | Entered Level 5 of the Dungeon
  3998 | D:5      | Noticed a water moccasin
  4004 | D:5      | Killed a water moccasin
  4007 | D:5      | Reached XP level 8. HP: 49/50 MP: 0/0
  4189 | D:5      | Reached skill level 7 in Spellcasting
  4254 | D:5      | Found a glowing silver altar of Zin.
  4477 | D:5      | Found a staircase to the Ecumenical Temple.
  4498 | D:5      | Reached skill level 8 in Spellcasting
  4499 | D:5      | Reached skill level 1 in Fighting
  4501 | D:5      | HP: 1/52 [gnoll sergeant/+1 vorpal spear (10)]
  4501 | D:5      | Slain by a gnoll sergeant

Illustrated notes

Levels and vault maps discovered:
D:1:      erik_arrival_cave_to_civilisation [erik_arrival_cave_to_temple],
          layout_rooms, amcnicky_mini_rare_corridor_liquid
D:2:      layout_basic, ebering_ecumenical_altar_mist
D:3:      layout_loops_ring, lemuel_coloured_pillars_altar,
          ebering_dispersal_statue_hall
D:4:      layout_basic, cheibrodos_sewer_entry_drain
D:5:      layout_cave_pods, zin_scriptorium, minmay_temple_entry_glass

Skill      XL: |  1  2  3  4  5  6  7  8 |
---------------+-------------------------+-----
Spellcasting   | 3 4 5 6 8 |  8.0
Stealth        | 2 |  2.0
Dodging        | 3 |  3.0
Fighting       | 1 |  1.1

Action                   |  1- 3 |  4- 6 |  7- 9 || total
-------------------------+-------+-------+-------++-------
Melee: Dagger            |     6 |    31 |    25 ||    62
       Punch             |       |     1 |       ||     1
 Cast: Foxfire           |    47 |    32 |    49 ||   128
       Scorch            |     5 |    16 |    21 ||    42
       Conjure Flame     |       |       |     3 ||     3
       Flame Wave        |       |       |     3 ||     3
       Searing Ray       |       |       |     1 ||     1
  Use: Scroll            |       |       |     1 ||     1
 Stab: Sleeping          |       |     3 |     3 ||     6
Armor: Robe              |     4 |     4 |       ||     8
       Troll leather arm |       |       |     7 ||     7
Dodge: Dodged            |     9 |    33 |    11 ||    53
